 Dungeon Crawl Stone Soup version 0.29-a0-393-g47a863cc1b (webtiles) character file.

Game seed: 16717714320163225462

28 Agony the Grave Robber (level 3, -1/25 HPs)
             Began as a Mummy Necromancer on May 9, 2022.
             Slain by Sigmund
             ... wielding a +0 scythe
              (7 damage)
             ... on level 2 of the Dungeon.
             The game lasted 00:05:30 (1406 turns).

Agony the Grave Robber (Mummy Necromancer)          Turns: 1406, Time: 00:05:30

Health: -1/25      AC:  4    Str: 11    XL:     3   Next: 0%
Magic:  3/7        EV: 11    Int: 16    God:
Gold:   77         SH:  0    Dex: 12    Spells: 4/8 levels left

rFire   x . .      SeeInvis .   c - +0 short sword
rCold   + . .      Faith    .   (no shield)
rNeg    + + +      Spirit   .   d - +0 leather armour
rPois   ∞          Reflect  .   (no helmet)
rElec   .          Harm     .   (no cloak)
rCorr   .          Rampage  .   b - +0 pair of gloves
Will    .....                   (no boots)
Stlth   +.........              (no amulet)
HPRegen 0.08/turn               (no ring)
MPRegen 0.10/turn               (no ring)

@: confused
A: cold resistance 1, negative energy resistance 3, torment resistance 2, heat
vulnerability 1, in touch with death 1, no potions
a: no special abilities


You were on level 2 of the Dungeon.
You visited 1 branch of the dungeon, and saw 2 of its levels.

You collected 77 gold pieces.

Inventory:

Hand Weapons
 c - a +0 short sword (weapon)
 e - a +0 whip
Armour
 a - a +0 robe
 b - a +0 pair of gloves (worn)
 d - a +0 leather armour (worn)
Scrolls
 f - a scroll of blinking {unknown}
 g - a scroll of noise {unknown}
 h - a scroll of identify {unknown}


   Skills:
 + Level 0.7 Fighting
 + Level 0.1 Short Blades
 + Level 0.5 Armour
 + Level 1.9 Dodging
 + Level 1.8 Stealth
 + Level 3.1 Spellcasting
 + Level 4.1 Necromancy


You had 4 spell levels left.
You knew the following spells:

 Your Spells              Type           Power      Damage    Failure   Level
a - Pain                  Necr           92%        1d8       4%          1
b - Vampiric Draining     Necr           23%        2d7       13%         3

Your spell library contained the following spells:

 Spells                   Type           Power      Damage    Failure   Level
 Animate Skeleton         Necr           46%        N/A       4%          1
 Animate Dead             Necr           11%        N/A       41%         4
 Agony                    Necr           23%        N/A       77%         5


Dungeon Overview and Level Annotations

Branches:
Dungeon (2/15)

Altars:

Annotations:
D:2 Sigmund


Innate Abilities, Weirdness & Mutations

You are immune to poison.
Your flesh is cold resistant. (rC+)
You are immune to negative energy. (rN+++)
You are immune to unholy pain and torment.
You are vulnerable to heat. (rF-)
You are in touch with the powers of death.
You do not drink.


Message History

Okay, then.
Aiming: Pain (safe; 4% risk of failure)
Press: ? - help, Q - select action Shift-Dir - straight line, f - Sigmund
Aim: Sigmund, wielding a +0 scythe and wearing a +0 robe (chance to affect: 87%)
You feel a surge of power!
Sigmund writhes in agony!
Aiming: Pain (safe; 4% risk of failure)
Press: ? - help, Q - select action Shift-Dir - straight line, f/p - Sigmund
Aim: Sigmund, wielding a +0 scythe and wearing a +0 robe (moderately wounded, chance to affect: 87%)
You feel a surge of power!
Sigmund writhes in agony.
Aiming: Pain (safe; 4% risk of failure)
Press: ? - help, Q - select action Shift-Dir - straight line, f/p - Sigmund
Aim: Sigmund, wielding a +0 scythe and wearing a +0 robe (moderately wounded, chance to affect: 87%)
You feel a surge of power!
Sigmund writhes in agony!
Sigmund points at you and mumbles some strange words.
The puff of flame hits you! The fire burns you terribly!
Aiming: Pain (safe; 4% risk of failure)
Press: ? - help, Q - select action Shift-Dir - straight line, f/p - Sigmund
Aim: Sigmund, wielding a +0 scythe and wearing a +0 robe (severely wounded, chance to affect: 87%)
You feel a surge of power!
Sigmund writhes in agony.
Aiming: Pain (safe; 4% risk of failure)
Press: ? - help, Q - select action Shift-Dir - straight line, f/p - Sigmund
Aim: Sigmund, wielding a +0 scythe and wearing a +0 robe (severely wounded, chance to affect: 87%)
You feel a surge of power!
Sigmund writhes in agony.
Sigmund casts a spell at you.
You are confused.
You're too confused to cast spells.
You're too confused to cast spells.
You bump into the rock wall.
Sigmund gestures wildly while chanting.
Sigmund flickers and vanishes!
Deactivating autopickup; reactivate with Ctrl-A.
You bump into the rock wall.
You hear some strange, mumbled words.
A puff of flame appears from out of thin air!
The puff of flame hits you! The fire burns you terribly!
* * * LOW HITPOINT WARNING * * *
You hear some strange, mumbled words.
Something tries to affect you, but you resist.
Something hits you!
You die...

.........## ##....
######.## ##... #..##
##.##. #...###.....
#######..#.#.####.
#.................
#.######†##..##### #.#
#...!....## #
########@###.##.##...# #
......{......##.##.#.# #
########.##..##.##.#.####
#.##..##.##.....##
#.##........#.#.##
#.##.#.#..........
#.#.###.###.#<#.## #..##
##.##.....#
###.###.#####.####


There were no monsters in sight!

Vanquished Creatures
  An adder (D:2)
  2 ball pythons (D:1)
  4 bats (D:1)
  4 endoplasms (D:1)
  A goblin (D:2)
  A hobgoblin (D:1)
  2 frilled lizards (D:1)
  2 kobolds
  2 rats (D:1)
19 creatures vanquished.

Notes
Turn   | Place    | Note
-------+----------+-------------------------------------------
     0 | D:1      | Agony the Mummy Necromancer began the quest for the Orb.
     0 | D:1      | Reached XP level 1. HP: 13/13 MP: 4/4
   295 | D:1      | Reached XP level 2. HP: 14/20 MP: 0/5
  1108 | D:2      | Found a faded altar of an unknown god.
  1257 | D:2      | Gained mutation: You are in touch with the powers of death.
                  | [Mummy growth]
  1257 | D:2      | Reached XP level 3. HP: 19/25 MP: 1/7
  1313 | D:2      | Learned a level 3 spell: Vampiric Draining
  1395 | D:2      | Noticed Sigmund
  1406 | D:2      | Slain by Sigmund

Illustrated notes

Levels and vault maps discovered:
D:1:      psy_arrival_dodecagon, layout_rooms
D:2:      layout_loops_ring, basic_altar, ebering_ecumenical_altar_mist,
          uniq_sigmund

Skill      XL: |  1  2 |
---------------+-------+-----
Spellcasting   | 3 |  3.1
Fighting       | |  0.7
Short Blades   | |  0.1
Armour         | |  0.5
Dodging        | |  1.9
Stealth        | |  1.8
Necromancy     | |  4.1

Action                   || total
-------------------------++-------
Melee: Unarmed           ||    15
       Whip              ||    16
       Short sword       ||     3
 Cast: Pain              ||    35
  Use: Scroll            ||     1
Armor: Robe              ||     5
       Leather armour    ||     7
Dodge: Dodged            ||    27

Table legend: (Time is in decaauts)
 A = Elapsed time spent in this place.
 B = Non-inter-level travel time spent in this place.
 C = Inter-level travel time spent in this place.
 D = Time resting spent in this place.
 E = Time spent auto-exploring this place.
 F = Levels seen in this place.
 G = Mean time per level.
                   A        B        C        D        E       F      G
               +--------+--------+--------+--------+--------+-----+--------+
         Total |   1407 |   1380 |     27 |    540 |    620 |   2 |  703.5 |
       Dungeon |   1407 |   1380 |     27 |    540 |    620 |   2 |  703.5 |
               +--------+--------+--------+--------+--------+-----+--------+

Top non-repeatable levels by time:
     D:1: 1026 daAuts
     D:2: 381 daAuts
